Map: Lost and Found LE

Players

Semper - Winner!

  • Race: Terran Terran
  • Spawn Location: 1:00

Future

  • Race: Terran Terran
  • Spawn Location: 7:00

Event: WCS Austin 2018

VOD

Have the link to the VOD?

Description

Time

  • Played on: June 1, 2018, 8:33 p.m.
  • Length: 14:08

All games in this series

Show
View Real Time Build Order
Export as new Build Order

Semper Terran - Winner!

Build Orders: Cyclone Opening, Bio Tank 

Get SALT Encoding   

  12  0:00  SCV  
  13  0:12  SCV  
  14  0:17  Supply Depot  
  14  0:25  SCV  
  14  0:28  Refinery  
  15  0:38  SCV  
  16  0:45  Barracks  
  16  0:51  SCV  
  16  0:54  Refinery  
  17  1:03  SCV  
  18  1:15  SCV  
  19  1:31  Orbital Command  
  19  1:32  Reaper  
  20  1:36  Factory  
  20  1:47  Supply Depot  
  20  1:57  SCV  
  21  2:04  Reaper  
  22  2:09  SCV  
  23  2:20  Hellion  
  23  2:21  SCV  
  26  2:27  Command Center  
  26  2:33  SCV  
  26  2:36  Barracks Reactor  
  27  2:41  Supply Depot  
  27  2:46  Cyclone  
  27  2:49  SCV  
  31  3:02  SCV  
  32  3:17  SCV  
  32  3:30  SCV  
  32  3:31  Cyclone  
  32  3:32  Cyclone  
  39  3:36  Supply Depot  
  39  3:42  Orbital Command  
  39  3:44  SCV  
  39  3:57  SCV  
  40  4:03  Engineering Bay, Barracks Tech Lab  
  40  4:04  Cyclone x2  
  40  4:08  SCV  
  40  4:09  SCV  
  48  4:20  SCV  
  48  4:21  SCV  
  50  4:26  Supply Depot  
  50  4:28  Marine  
  50  4:29  Stimpack  
  51  4:32  SCV  
  51  4:37  SCV  
  53  4:42  Command Center  
  51  4:46  Marine  
  51  4:48  Factory Reactor  
  52  4:53  SCV  
  52  4:57  SCV  
  51  5:00  Refinery  
  51  5:01  Refinery  
  51  5:04  Marine  
  51  5:05  SCV  
  51  5:06  Barracks x2  
  53  5:10  SCV  
  54  5:17  Terran Infantry Weapons Level 1, SCV  
  54  5:19  Engineering Bay  
  55  5:22  Marine, SCV  
  57  5:30  SCV  
  57  5:31  Starport  
  57  5:34  Factory Reactor  
  58  5:36  SCV  
  58  5:40  Marine  
  60  5:44  SCV  
  60  5:46  Supply Depot  
  61  5:52  SCV  
  61  5:54  Marine x2  
  61  5:56  Orbital Command  
  64  5:58  Marine, SCV  
  64  6:00  Marine x2  
  68  6:04  SCV  
  68  6:08  Terran Infantry Armor Level 1  
  69  6:12  Marine  
  69  6:16  SCV  
  71  6:21  Factory Tech Lab  
  71  6:29  Marine x2  
  71  6:30  SCV  
  71  6:31  Marine x2, Combat Shields  
  71  6:32  Medivac x2, Marine  
  77  6:35  SCV  
  77  6:38  SCV  
  80  6:41  Supply Depot, Siege Tank  
  80  6:42  SCV  
  80  6:43  Armory  
  80  6:46  Marine  
  80  6:47  Marine, SCV  
  84  6:50  SCV  
  84  6:53  Sensor Tower  
  88  6:56  SCV  
  88  6:57  Barracks  
  88  6:58  Barracks  
  88  6:59  Marine, SCV  
  91  7:02  SCV  
  91  7:05  Marine x2  
  95  7:08  SCV  
  95  7:11  SCV  
  95  7:13  Siege Tank  
  99  7:16  SCV  
  99  7:20  Refinery, SCV  
  99  7:22  Refinery  
  101  7:25  Marine  
  101  7:32  Supply Depot, Marine  
  101  7:33  Marine x2, Supply Depot  
  101  7:34  SCV x2  
  104  7:39  SCV  
  104  7:42  Medivac x2  
  109  7:48  Barracks Reactor, Barracks Tech Lab  
  109  7:50  Terran Vehicle Weapons Level 1  
  109  7:51  Missile Turret  
  109  7:53  Missile Turret  
  109  7:54  Siege Tank, SCV, Missile Turret  
  109  7:55  SCV  
  109  7:57  Marine x3  
  117  8:01  SCV  
  117  8:02  Factory  
  117  8:06  SCV  
  117  8:08  Marine x2  
  120  8:13  SCV x2  
  120  8:15  Supply Depot  
  120  8:17  Supply Depot x2  
  122  8:22  Barracks Reactor  
  122  8:23  Marine  
  122  8:24  Marine x2  
  125  8:37  Medivac x2, Marine x3, SCV  
  125  8:38  Marine, SCV, Siege Tank  
  125  8:41  Marine  
  139  8:42  Marine x2  
  139  8:48  Supply Depot, Terran Infantry Weapons Level 2  
  143  8:49  Supply Depot  
  143  8:53  Terran Infantry Armor Level 2  
  143  8:54  Marine x2  
  143  8:55  Factory Tech Lab  
  143  8:56  Marine  
  143  8:57  Marine  
  143  8:58  Marine  
  143  8:59  Marine  
  147  9:10  Command Center, Siege Tank  
  147  9:14  Siege Tank  
  152  9:21  Marine  
  153  9:26  Supply Depot x2  
  142  9:38  Marine  
  142  9:42  Siege Tank  
  146  9:45  Marine  
  146  9:46  Marine x7, Siege Tank  
  146  9:47  Terran Vehicle Weapons Level 2  
  146  9:49  SCV x2  
  146  9:52  SCV  
  160  9:56  Marine  
  161  10:03  Marine x3  
  164  10:10  Marine  
  164  10:11  Marine x4  
  169  10:14  Marine, Siege Tank  
  169  10:15  Supply Depot  
  169  10:18  Siege Tank  
  169  10:21  Marine x3  
  175  10:25  Planetary Fortress  
  177  10:28  Marine  
  177  10:29  Sensor Tower, Missile Turret  
  178  10:41  Missile Turret x2  
  178  10:46  Siege Tank  
  178  10:49  Marine  
  167  10:50  Siege Tank  
  149  11:08  Marine  
  149  11:09  Marine x4  
  154  11:12  Liberator x2  
  154  11:19  Siege Tank  
  154  11:22  Siege Tank  
  159  11:26  Marine  
  159  11:27  Marine x4  
  159  11:28  Marine x2  
  157  11:44  Marine x3  
  157  11:45  Marine x3  
  157  11:46  Marine  
  134  11:54  Siege Tank  
  113  12:02  Marine x5  
  113  12:03  Marine x2  
  117  12:09  Orbital Command  
  110  12:20  Marine x5  
  110  12:21  Marine x2  
  117  12:22  Medivac  
  117  12:23  Medivac  
  117  12:27  Siege Tank  
  117  12:29  Factory  
  124  12:31  Barracks  
  124  12:32  Barracks  
  122  12:38  Marine x5  
  122  12:39  Marine x2  
  122  12:40  SCV x3  
  129  12:52  Viking  
  129  12:54  Viking  
  129  12:55  Marine, SCV  
  129  12:56  Marine  
  136  12:59  Siege Tank  
  136  13:01  Sensor Tower  
  137  13:06  Marine x2  
  139  13:14  Marine  
  140  13:25  Marine  
  144  13:27  Siege Tank  
  144  13:29  Marine x7  
  144  13:31  Siege Tank  
  144  13:32  Marine  
  144  13:33  Refinery, SCV  
  156  13:35  Supply Depot x2  
  156  13:45  Marine  
  156  13:46  Marine  
  156  13:47  Marine x2  
Show
View Real Time Build Order
Export as new Build Order

Future Terran 

Build Orders: Cyclone Opening, Gas First Reaper Expand, Reaper Expand, Bio Tank 

Get SALT Encoding   

  12  0:00  SCV  
  13  0:12  SCV  
  14  0:17  Supply Depot  
  14  0:24  SCV  
  15  0:30  Refinery  
  15  0:39  SCV  
  16  0:44  Barracks  
  16  0:51  SCV  
  17  1:03  SCV  
  18  1:15  SCV  
  19  1:31  Orbital Command, Reaper  
  20  1:44  Command Center  
  20  1:54  Factory  
  20  1:59  SCV  
  21  2:06  Refinery  
  22  2:08  Reaper  
  22  2:14  Supply Depot  
  22  2:18  SCV  
  23  2:36  SCV  
  24  2:39  Cyclone  
  27  2:45  Marine  
  27  2:48  SCV  
  29  2:56  Orbital Command  
  29  3:00  SCV  
  29  3:02  Starport  
  29  3:04  Marine  
  31  3:12  SCV  
  32  3:20  Cyclone  
  32  3:24  SCV x2  
  37  3:28  Marine  
  38  3:36  SCV x2  
  38  3:37  Supply Depot  
  39  3:48  SCV  
  39  3:54  SCV  
  39  3:55  Starport Tech Lab  
  40  3:58  Barracks Reactor  
  40  4:01  SCV  
  44  4:06  SCV  
  45  4:10  Factory Tech Lab  
  45  4:13  SCV  
  45  4:15  Raven  
  45  4:18  Command Center, Supply Depot  
  45  4:19  SCV  
  46  4:25  Engineering Bay x2, SCV  
  46  4:26  Refinery  
  46  4:29  Refinery  
  47  4:32  SCV  
  47  4:36  Siege Tank  
  47  4:37  SCV  
  52  4:41  Supply Depot  
  52  4:44  SCV  
  53  4:46  Marine  
  53  4:51  Marine  
  53  4:52  SCV  
  55  4:56  SCV  
  52  5:04  Supply Depot, SCV  
  53  5:10  Siege Tank  
  56  5:14  SCV  
  56  5:16  Terran Infantry Weapons Level 1, Terran Infantry Armor Level 1  
  56  5:17  SCV  
  56  5:19  Marine  
  59  5:26  SCV  
  59  5:27  Barracks  
  60  5:28  Barracks  
  60  5:32  Starport Reactor  
  60  5:33  Stimpack  
  60  5:37  Orbital Command  
  60  5:41  SCV  
  60  5:42  SCV  
  62  5:43  Marine  
  62  5:47  Siege Tank  
  66  5:53  SCV  
  66  5:54  SCV  
  68  5:58  Barracks  
  68  6:00  Barracks  
  68  6:04  Supply Depot  
  68  6:05  SCV x2  
  68  6:07  SCV  
  71  6:16  Marine x2  
  71  6:17  SCV  
  71  6:18  SCV  
  74  6:19  SCV  
  74  6:23  Starport Reactor, Marine x2  
  74  6:24  Marine, Siege Tank  
  81  6:29  SCV  
  81  6:32  SCV  
  80  6:33  SCV  
  80  6:34  Marine x2  
  80  6:38  Armory  
  83  6:42  SCV  
  83  6:43  Orbital Command, Marine, Supply Depot  
  83  6:44  Supply Depot  
  83  6:46  Barracks Reactor  
  84  6:49  Barracks Reactor  
  84  6:51  Marine x2  
  86  6:57  SCV  
  86  7:00  SCV  
  87  7:04  Marine x2  
  87  7:07  Marine  
  93  7:08  Siege Tank  
  93  7:10  Medivac  
  93  7:11  Medivac, SCV x2  
  93  7:12  SCV  
  100  7:20  Marine x2  
  101  7:23  Supply Depot x3, SCV x2  
  101  7:24  Refinery  
  101  7:27  Marine, SCV  
  105  7:30  Marine  
  105  7:31  Marine x5  
  105  7:35  SCV  
  112  7:38  SCV  
  112  7:39  Marine, SCV  
  115  7:44  Sensor Tower  
  115  7:45  Marine x2  
  115  7:47  Refinery, SCV  
  115  7:48  Marine  
  115  7:49  Marine x2, Terran Infantry Weapons Level 2  
  115  7:50  Terran Infantry Armor Level 2  
  120  7:57  Terran Vehicle Weapons Level 1  
  119  8:00  Marine x4  
  119  8:02  Siege Tank  
  119  8:03  Medivac, Marine x2  
  119  8:05  Medivac  
  130  8:06  Marine  
  130  8:09  Marine x2  
  133  8:14  Supply Depot  
  133  8:15  Supply Depot  
  133  8:17  Supply Depot  
  133  8:18  Marine  
  133  8:19  Marine  
  135  8:21  Marine x4  
  135  8:22  Combat Shields  
  139  8:30  Factory  
  139  8:31  Marine x2  
  141  8:35  Marine  
  141  8:36  Medivac, Marine, Siege Tank  
  141  8:38  Medivac  
  141  8:41  Marine x2  
  149  8:42  Marine  
  151  8:50  Marine  
  151  8:51  Marine x3  
  151  8:53  Marine x2  
  157  8:59  Marine, Missile Turret  
  157  9:00  Missile Turret  
  157  9:01  Missile Turret  
  149  9:03  Marine  
  149  9:07  Supply Depot  
  149  9:08  SCV x2  
  149  9:09  Supply Depot, Siege Tank  
  149  9:16  Factory Tech Lab  
  149  9:18  Medivac x2  
  149  9:19  Marine x3  
  149  9:22  Marine x2  
  158  9:29  Marine  
  158  9:30  Marine x3  
  161  9:37  Marine x3  
  161  9:38  Siege Tank  
  167  9:41  Siege Tank  
  170  9:46  Marine x2  
  170  9:47  Marine x2  
  170  9:48  Marine  
  170  9:50  Supply Depot  
  170  9:52  Supply Depot  
  175  9:56  Marine x3  
  178  10:05  Medivac x2  
  182  10:08  Marine  
  182  10:09  Marine x5  
  182  10:12  Siege Tank  
  182  10:14  Siege Tank  
  194  10:24  Marine  
  191  10:37  Marine  
  192  10:44  Siege Tank  
  192  10:46  Siege Tank  
  183  10:50  Marine  
  183  10:51  Marine x6  
  183  10:55  Marine  
  178  11:03  Marine  
  159  11:08  Marine x3  
  159  11:09  Marine x4  
  165  11:11  Liberator  
  165  11:13  Marine  
  165  11:16  Siege Tank  
  169  11:18  Siege Tank  
  169  11:20  Marine  
  154  11:26  Marine x5  
  154  11:28  Marine  
  154  11:29  Marine  
  154  11:30  Marine  
  158  11:38  Liberator, Marine  
  147  11:44  Marine x3  
  147  11:46  Marine x3  
  144  11:50  Siege Tank  
  144  11:54  Marine  
  136  11:56  Marine  
  111  12:02  Marine x3  
  111  12:04  Marine  
  107  12:10  Marine  
  107  12:11  Marine x2  
  107  12:14  Marine  
  108  12:19  Marine  
  108  12:20  Marine  
  103  12:35  Marine x3  
  102  12:54  Orbital Command  
  102  12:55  Marine x6  
  102  12:56  Marine  
  109  13:02  Factory Tech Lab  
  109  13:08  Starport Reactor  
  109  13:13  Marine x3  
  109  13:16  Marine  
  109  13:17  Marine x3  
  116  13:31  Marine x3  
  115  13:34  Marine x2  
  115  13:39  Marine x2  
  119  13:49  Marine x3  
Tags
 
Add a new tag
Caveats
  • Supply blocks, unpowered buildings, or Contaminate may cause inaccurate times.
  • Supply counts are checked every 10 seconds.